 Seeded DCSS version 0.30-a0-870-gc5d4c5acee (webtiles) character file.

Game seed: 10706131166541840214 (custom seed)

1197 Ajencis the Chiller (level 8, 0/56 (60) HPs)
             Began as a Barachi Ice Elementalist on Mar 11, 2023.
             Was a Follower of Sif Muna.
             Slain by a wight
             ... wielding a +5 hand axe
              (3 damage)
             ... on level 6 of the Dungeon.
             The game lasted 00:22:09 (6749 turns).

Ajencis the Chiller (Barachi Ice Elementalist)      Turns: 6749, Time: 00:22:10

HP:   0/56 (60)     AC:  5    Str: 10    XL:     8   Next: 44%
MP:   5/15          EV: 13    Int: 18    God:    Sif Muna [*.....]
Gold: 273           SH:  0    Dex: 12    Spells: 9/17 levels left

rFire   . . .      SeeInvis .    t - staff of cold
rCold   + + .      Faith    .    (no shield)
rNeg    . . .      Spirit   .    a - +0 robe
rPois   +          Reflect  .    (no helmet)
rElec   +          Rampage  .    (no cloak)
rCorr   .                        y - +2 pair of gloves of Idaruwic {rElec}
Will    .....                    (no boots)
Stlth   ++                       (no amulet)
HPRegen 0.29/turn                f - ring of protection from cold
MPRegen 0.14/turn                p - ring of poison resistance

@: about to teleport, studying Spellcasting, drained, slow
A: amphibious, slowness 1, strong legs 1, +LOS
a: Hop, Renounce Religion, Channel Magic


You were on level 6 of the Dungeon.
You worshipped Sif Muna.
Sif Muna was aware of your devotion.
You visited 2 branches of the dungeon, and saw 7 of its levels.
You also visited: Sewer.

You collected 273 gold pieces.

Inventory:

Hand Weapons
 m - the +6 trident of Plunder {drain, rElec Str+3}
   (You found it on level 4 of the Dungeon)

   Str:       It affects your strength (+3).
   rElec:     It insulates you from electricity.
 o - a +1 trident
Missiles
 r - 6 curare-tipped darts
 D - a throwing net
Armour
 a - a +0 robe (worn)
 y - the +2 pair of gloves of Idaruwic (worn) {rElec}
   (You found it on level 5 of the Dungeon)

   rElec:     It insulates you from electricity.
Magical Staves
 t - a staff of cold (weapon)
Jewellery
 f - a ring of protection from cold (left hand)
 p - a ring of poison resistance (right hand)
 q - an amulet of faith
Scrolls
 c - 5 scrolls of identify
 h - a scroll of noise {unknown}
 l - a scroll of teleportation
 n - a scroll of enchant weapon
 x - a scroll of torment {unknown}
 C - a scroll of fog
Potions
 b - a potion of magic
 d - 2 potions of attraction {unknown}
 e - 2 potions of curing
 g - 7 potions of mutation {unknown}
 i - 3 potions of heal wounds
 j - a potion of might {unknown}
 k - a potion of flight {unknown}
 s - 3 potions of haste {unknown}
 u - 2 potions of brilliance {unknown}
 v - 2 potions of degeneration {unknown}
 w - 2 potions of lignification {unknown}
 z - a potion of resistance {unknown}
 A - a potion of invisibility {unknown}
 B - a potion of cancellation {unknown}


   Skills:
 + Level 3.7 Fighting
 - Level 0.7(1.7) Polearms
 + Level 2.7(2.8) Staves
 + Level 2.8 Armour
 + Level 4.3 Dodging
 - Level 1.7 Stealth
 + Level 5.0 Spellcasting
 * Level 4.5 Summonings
 * Level 7.5 Ice Magic
 + Level 2.4 Evocations


You had 9 spell levels left.
You knew the following spells:

 Your Spells              Type           Power      Damage    Failure   Level
a - Freeze                Ice            100%       1d10      1%          1
b - Frozen Ramparts       Ice            94%        1d15      1%          3
c - Summon Ice Beast      Ice/Summ       39%        N/A       11%         4

Your spell library contained the following spells:

 Spells                   Type           Power      Damage    Failure   Level
 Ozocubu's Armour         Ice            47%        N/A       1%          3
 Ignite Poison            Fire/Tmut/Pois 4%         N/A       36%         3
 Kindle Blastsparks       Fire/Tloc/Air  8%         2d10      36%         3
 Freezing Cloud           Conj/Ice/Air   10%        6-21      78%         5
 Summon Forest            Summ/Tloc      6%         N/A       82%         5
 Eringya's Noxious Bog    Tmut/Pois      2%         N/A       100%        6
 Summon Hydra             Summ           10%        N/A       100%        7


Dungeon Overview and Level Annotations

Branches:
Dungeon (6/15)             Temple (1/1) D:4           Sewer (visited)

Altars:
Cheibriados
Dithmenos
Elyvilon
Fedhas
Gozag
Hepliaklqana
Kikubaaqudgha
Makhleb
Qazlal
Ru
Sif Muna
Trog
Wu Jian
Xom
Yredelemnul
Zin
The Shining One

Shops:
D:1 :


Innate Abilities, Weirdness & Mutations

You are amphibious.
You cover ground slowly.
You can hop short distances.
You have an extended range of vision and can be seen from far away.


Message History

You hit the wight.
The wight is moderately damaged.
The wight resists.
The wall freezes the wight.
The wight hits you with a +5 hand axe.
The wight resists.
The wall freezes the wight.
The wight hits you with a +3 war axe of freezing!
The wight freezes you.
The wight hits your ice beast but does no damage.
Your ice beast barely misses the wight.
You completely miss the wight.
The wight is moderately damaged.
The wight completely resists.
The wall freezes the wight but does no damage.
The wight closely misses you.
A wight comes into view.
It is wielding a +4 long sword of freezing.
The wight resists.
The wall freezes the wight.
The wight hits you with a +3 war axe of freezing!
The wight freezes you.
The wight hits your ice beast but does no damage.
Your ice beast completely misses the wight.
As you read the scroll of teleportation, it crumbles to dust.
You feel strangely unstable.
The frozen ramparts melt away.
The wight hits you but does no damage.
The wight hits you with a +3 war axe of freezing.
* * * LOW HITPOINT WARNING * * *
The wight barely misses your ice beast.
Your ice beast barely misses the wight.
The wight hits you with a +5 hand axe.
* * * LOW HITPOINT WARNING * * *
You feel drained.
* * * LOW HITPOINT WARNING * * *
The wight misses you.
The wight hits your ice beast with a +3 war axe of freezing.
Your ice beast hits the wight but does no damage.
You see here a hound corpse.
A wight comes into view. It is wielding a +0 trident.
Found a falchion.
Something barely misses your ice beast. The wight attacks as you move away!
The wight hits you with a +5 hand axe.
* * * LOW HITPOINT WARNING * * *
You feel drained.
You die...

#..## #.. ).. ...
.....##.. .. ..#
#..#.##.# .# ..#
#..#.##.# #z##.##
#..#.##.# ##†.....#
###..#.##.#####z#.....###
#...............zY.......
..#..#.##.#####z#.....##
.....#.#...## ##@.....#
............#####.##.##
.......#............ #
#########.........###
###########


You could see 3 wights and a friendly ice beast (summoned).

Vanquished Creatures
  Prince Ribbit (D:5)
  A black bear (D:5)
  An ogre (D:4)
  2 kobold brigands (Sewer)
  Blork the orc (D:5)
  2 scorpions
  An orc priest (D:5)
  4 hounds
  A jelly (D:4)
  An iguana (D:5)
  3 orc wizards
  5 gnolls
  6 adders
  A shadow imp (D:5)
  An ufetubus (D:5)
  3 worms
  2 dart slugs
  14 orcs
  13 bats
  9 endoplasms
  4 giant cockroaches
  4 hobgoblins
  19 kobolds
  6 quokkas
  9 ball pythons
  3 frilled lizards
  5 goblins
  5 rats
  A butterfly (D:4)
128 creatures vanquished.

Vanquished Creatures (collateral kills)
  A white imp (D:5)
1 creature vanquished.

Vanquished Creatures (others)
  A plant (Sewer)
1 creature vanquished.

Grand Total: 130 creatures vanquished

Notes
Turn   | Place    | Note
-------+----------+-------------------------------------------
     0 | D:1      | Ajencis the Barachi Ice Elementalist began the quest for
                  | the Orb.
     0 | D:1      | Reached XP level 1. HP: 13/13 MP: 3/3
   179 | D:1      | Reached skill level 5 in Ice Magic
   220 | D:1      | Reached XP level 2. HP: 20/20 MP: 3/5
   596 | D:1      | HP: 1/20 [gnoll/+0 flail (7)]
   599 | D:1      | Reached skill level 1 in Fighting
   599 | D:1      | Reached XP level 3. HP: 2/26 MP: 2/6
   814 | D:1      | Found Tuuk's Book Boutique.
  1012 | D:1      | Learned a level 3 spell: Frozen Ramparts
  1158 | D:2      | Found an ancient bone altar of Kikubaaqudgha.
  1997 | D:2      | Reached XP level 4. HP: 25/32 MP: 8/8
  2616 | D:3      | Learned a level 4 spell: Summon Ice Beast
  2626 | D:3      | Found a shimmering altar of Xom.
  2627 | D:3      | Found a hazy altar of Hepliaklqana.
  2629 | D:3      | Noticed a spectral ugly thing
  2695 | D:3      | Reached skill level 1 in Summonings
  2695 | D:3      | Reached XP level 5. HP: 16/38 MP: 3/10
  3228 | D:3      | Found a shimmering blue altar of Sif Muna.
  3246 | D:3      | Became a worshipper of Sif Muna the Loreminder
  3460 | D:3      | Reached skill level 6 in Ice Magic
  3749 | D:4      | Found a glowing drain.
  3770 | Sewer    | Entered a sewer
  3983 | Sewer    | Noticed a kobold brigand
  3990 | Sewer    | Killed a kobold brigand
  3991 | Sewer    | Reached skill level 1 in Staves
  3991 | Sewer    | Reached XP level 6. HP: 33/45 MP: 8/11
  4127 | Sewer    | Reached * piety under Sif Muna
  4134 | Sewer    | Reached skill level 1 in Armour
  4206 | D:4      | Found a staircase to the Ecumenical Temple.
  4218 | Temple   | Entered the Ecumenical Temple
  4618 | D:4      | Reached skill level 1 in Evocations
  4931 | D:4      | Identified the +6 trident of Plunder {drain, rElec Str+3}
  4978 | D:4      | Reached XP level 7. HP: 51/51 MP: 5/13
  5142 | D:4      | Found a burning altar of Makhleb.
  5147 | D:4      | Found a bloodstained altar of Trog.
  5151 | D:4      | Found a snail-covered altar of Cheibriados.
  5318 | D:5      | Entered Level 5 of the Dungeon
  5406 | D:5      | Noticed Blork the orc
  5413 | D:5      | Killed Blork the orc
  5956 | D:5      | Reached skill level 7 in Ice Magic
  6141 | D:5      | Reached XP level 8. HP: 42/58 MP: 10/14
  6348 | D:5      | Identified the +2 pair of gloves of Idaruwic {rElec}
  6350 | D:5      | Noticed Prince Ribbit
  6382 | D:5      | Killed Prince Ribbit
  6572 | D:5      | Found a glowing golden altar of the Shining One.
  6740 | D:6      | Reached skill level 5 in Spellcasting
  6749 | D:6      | Slain by a wight

Illustrated notes

Levels and vault maps discovered:
D:1:      amcnicky_arrival_choice, layout_loops_ring, serial_shops, shop
D:2:      kennysheep_big_flooded_room, layout_basic, basic_altar
D:3:      layout_basic, regret_index_temple_of_mockery,
          kennysheep_orc_sif_temple, eino_tiny_chamber
D:4:      layout_basic, grunt_temple_overflow_diamond,
          minmay_temple_entry_butterflies, cheibrodos_sewer_entry_bend,
          nicolae_concentric_dashed_squares_wild
D:5:      layout_loops_corners, nicolae_tso_swordbearing_angel,
          uniq_blork_the_orc, uniq_prince_ribbit1
D:6:      layout_loops_ring, okawaru_trees_2, uniq_eustachio, uniq_menkaure
Temple:   chequers_temple_sunken

Skill      XL: |  1  2  3  4  5  6  7  8 |
---------------+-------------------------+-----
Ice Magic      | 5 6 7 |  7.5
Fighting       | 1 2 3 |  3.7
Spellcasting   | 3 4 5 |  5.0
Dodging        | 3 4 |  4.3
Summonings     | 1 2 3 4 |  4.5
Staves         | 1 2 |  2.7
Armour         | 1 2 |  2.8
Evocations     | 1 2 |  2.4
Polearms       | |  0.7
Stealth        | |  1.7

Action                     |  1- 3 |  4- 6 |  7- 9 || total
---------------------------+-------+-------+-------++-------
  Melee: Unarmed           |    37 |       |       ||    37
         Punch             |     1 |     2 |       ||     3
         Trident           |    21 |    14 |       ||    35
         Staff             |       |    84 |    43 ||   127
   Cast: Freeze            |    29 |       |       ||    29
         Frozen Ramparts   |     4 |    30 |    19 ||    53
         Summon Ice Beast  |       |       |     3 ||     3
    Use: Scroll            |       |    10 |     1 ||    11
   Stab: Sleeping          |       |     4 |     1 ||     5
 Armour: Robe              |    16 |    30 |    13 ||    59
  Dodge: Dodged            |    45 |    89 |    33 ||   167

Table legend: (Time is in decaauts)
 A = Elapsed time spent in this place.
 B = Non-inter-level travel time spent in this place.
 C = Inter-level travel time spent in this place.
 D = Time resting spent in this place.
 E = Time spent auto-exploring this place.
 F = Levels seen in this place.
 G = Mean time per level.
                   A        B        C        D        E       F      G
               +--------+--------+--------+--------+--------+-----+--------+
         Total |   7621 |   7312 |    309 |      2 |   5983 |   8 |  952.6 |
       Dungeon |   6749 |   6487 |    262 |      2 |   5457 |   6 | 1124.8 |
        Temple |    420 |    374 |     46 |      0 |    177 |   1 |  420.0 |
         Sewer |    451 |    451 |      0 |      0 |    349 |   1 |  451.0 |
               +--------+--------+--------+--------+--------+-----+--------+

Top non-repeatable levels by time:
     D:2: 1541 daAuts
     D:5: 1494 daAuts
     D:3: 1473 daAuts
     D:1: 1174 daAuts
     D:4: 960 daAuts
   Sewer: 451 daAuts
  Temple: 420 daAuts
     D:6: 105 daAuts
